 Dungeon Crawl Stone Soup version 0.24.1-14-gf8d2b509d9 (webtiles) character file.

Game seed: 1147628291052287201, levelgen mode: deterministic

60456 Curus the Warrior (level 14, -6/225 HPs)
             Began as a Minotaur Berserker on May 21, 2020.
             Was the Champion of Trog.
             Killed by divine providence
             ... invoked by an orc priest
              (12 damage)
             ... on level 2 of the Orcish Mines.
             The game lasted 01:24:52 (19606 turns).

Curus the Warrior (Minotaur Berserker)             Turns: 19606, Time: 01:24:53

Health: -6/225     AC: 21    Str: 27      XL:     14   Next: 57%
Magic:  18/18      EV:  8    Int:  6 (7)  God:    Trog [******]
Gold:   1489       SH: 12    Dex: 12      Spells: 13/13 levels left

rFire    . . .     SeeInvis .   S - +8 double sword (elec)
rCold    + . .     Gourm    +   g - +0 shield
rNeg     . . .     Faith    .   u - +5 plate armour
rPois    .         Spirit   .   (helmet restricted)
rElec    +         Reflect  .   K - scarf {repulsion}
rCorr    +         Harm     .   R - +1 pair of gloves
MR       ++...     Rnd*Rage +   Y - +1 pair of boots of the Stallion {rC+}
Stlth    ..........             U - amulet of the gourmand
HPRegen  0.47/turn              H - ring of resist corrosion
MPRegen  0.16/turn              e - ring of protection from magic

@: berserking, corroded, repel missiles, very quick
A: retaliatory headbutt, horns 2, yellow scales 1, berserk 2, blurry vision 1,
robust 1, electricity resistance, evolution 1
a: Berserk, Trog's Hand, Brothers in Arms, Renounce Religion


You were on level 2 of the Orcish Mines.
You worshipped Trog.
Trog was exalted by your worship.
You were not hungry.

You visited 3 branches of the dungeon, and saw 20 of its levels.

You collected 1979 gold pieces.
You spent 490 gold pieces at shops.

Inventory:

Hand Weapons
 a - a +1 falchion
 t - a +2 long sword
 y - a +2 scimitar of flaming
 F - a +4 antimagic great sword
 S - a +8 double sword of electrocution (weapon)
 X - a +2 double sword of holy wrath
 Z - a +2 falchion of venom
Armour
 b - a +1 animal skin
 d - a +0 ring mail
 g - a +0 shield (worn)
 h - a +0 chain mail
 p - a +0 chain mail of cold resistance
 u - a +5 plate armour (worn)
 G - a +2 chain mail of cold resistance
 K - a scarf of repulsion (worn)
 R - a +1 pair of gloves (worn)
 Y - the +1 pair of boots of the Stallion (worn) {rC+}
   (You acquired it on level 12 of the Dungeon)

   It protects you from cold.
Jewellery
 e - a ring of protection from magic (right hand)
 i - an uncursed ring of protection from magic
 r - an uncursed ring of see invisible
 H - a ring of resist corrosion (left hand)
 I - an uncursed ring of poison resistance
 N - an uncursed ring of fire
 P - the ring of Robustness {AC+8}
   (You found it on level 11 of the Dungeon)

   [ring of protection]

   It affects your AC (+8).
 U - an amulet of the gourmand (around neck)
 W - the ring "Ipomawoh" {rElec rN+ Int+2}
   (You found it on level 11 of the Dungeon)

   [ring of positive energy]

   It affects your intelligence (+2).
   It insulates you from electricity.
   It protects you from negative energy.
Wands
 q - a wand of scattershot (3)
 w - a wand of iceblast (4)
 x - a wand of flame (49)
 B - a wand of polymorph (5)
 C - a wand of enslavement (30)
 D - a wand of random effects (19)
 L - a wand of digging (5)
 Q - a wand of paralysis (8)
Scrolls
 f - 2 scrolls of blinking
 l - 8 scrolls of remove curse
 m - a scroll of fog
 n - 10 scrolls of identify
 o - 9 scrolls of teleportation
 v - 2 scrolls of magic mapping
 z - 3 scrolls of fear
 O - 2 scrolls of enchant weapon
 V - 2 scrolls of enchant armour
Potions
 j - 5 potions of curing
 k - 3 potions of heal wounds
 s - 3 potions of brilliance
 A - a potion of resistance
 E - a potion of flight
 J - 3 potions of magic
 M - 2 potions of haste
 T - a potion of invisibility
Comestibles
 c - 39 rations


   Skills:
 - Level 16.0 Fighting
 * Level 15.2 Long Blades
 - Level 15.8 Armour
 - Level 2.1 Dodging
 - Level 10.0 Shields
 + Level 7.2 Evocations


You had 13 spell levels left.
You didn't know any spells.
Your spell library was empty.

Dungeon Overview and Level Annotations

Branches:
Dungeon (12/15)            Temple (0/1) D:4            Lair (6/6) D:10
  Swamp (0/4) Lair:3       Spider (0/4) Lair:2        Slime (0/5) Lair:6
    Orc (2/2) D:12            Elf (0/3) Orc:2

Altars:
Ashenzari
Cheibriados
Dithmenos
Fedhas
Hepliaklqana
Kikubaaqudgha
Okawaru
Ru
Sif Muna
Trog
Vehumet
Xom
Yredelemnul
Zin
Beogh

Shops:
D:6 =   D:10 (

Portals:
Trove: D:11 (give +4 demon whip)


Innate Abilities, Weirdness & Mutations

You reflexively headbutt those who attack you in melee.
You have a pair of horns on your head.
You are partially covered in yellow scales. (AC +2)
You often lose your temper in combat.
Scrolls take you a little longer to read.
You are robust. (+10% HP)
You are resistant to electric shocks. (rElec)
You evolve.


Message History

You block the hellwing's attack. The hellwing closely misses you.
The orc priest begins to cast a cantrip, but forgets the words!
The orc high priest prays to Beogh.
You block the orc's attack.
You slash the orc high priest!
The orc high priest is severely wounded.
The orc closely misses you. You furiously retaliate!
You headbutt the orc!
You kill the orc!
Trog accepts your kill. The hellwing hits you.
* * * LOW HITPOINT WARNING * * *
The hellwing barely misses you.
You slice the orc high priest!!
You kill the orc high priest!
Trog accepts your kill.
The hellwing disappears in a puff of smoke!
The chaos spawn degenerates into a cloud of primal chaos!
The orc priest mumbles some strange prayers to Beogh against you.
Beogh smites you!
You die...

### ### ##.## ###.## #...###
###....## ##.....##
#.......## #)......##
###........#
.........###....§...##
.........##....o[..).#### .
...#......#....)@)))....#...
...##.....#...o§†)))).......
.#####....#...o.##))).......
...#...........####.........
.#####.......<.# #.........
..###.........## ..........
..##............##...>......
..#.......#.................
..........##...........##...


You could see an orc priest and 2 orcs.

Vanquished Creatures
  Jorgrun (Orc:2)
  Snorg (D:10)
  A fire dragon (Lair:6)
  Fannar (Orc:1)
  Harold (D:11)
  Erolcha (D:9)
  5 hydras
  A centaur warrior (D:12)
  2 two-headed ogres
  Erica (D:8)
  An orc high priest (Orc:2)
  Sonja (Lair:6)
  Urug (D:11)
  An unseen horror (D:11)
  A lindwurm (Lair:5)
  A glowing orange brain (Lair:4)
  A swamp dragon (Lair:6)
  An orc knight (D:12)
  Pikel (D:7)
  2 oklob plants
  2 ugly things (D:11)
  2 orc sorcerers (Orc:1)
  A manticore (D:11)
  2 cyclopes
  Joseph (D:7)
  8 elephants
  A torpor snail (Lair:5)
  2 black mambas
  The ghost of Gruesph the Ruffian, a novice NaTm of Cheibriados (D:4)
  2 centaur skeletons (D:11)
  A gargoyle (D:12)
  10 spiny frogs
  3 rime drakes
  2 komodo dragons
  A troll (D:12)
  9 polar bears (Lair:6)
  2 raiju (Lair:6)
  13 dream sheep (Lair:6)
  13 blink frogs
  4 hippogriffs
  2 spriggans
  3 wyverns
  44 yaks
  A basilisk (Lair:6)
  2 hungry ghosts
  9 wargs
  5 acid dragons
  7 water moccasins
  15 hell hounds (Lair:6)
  9 porcupines
  A swamp drake (Lair:6)
  21 orc warriors
  3 ice beasts
  4 phantoms
  5 sky beasts
  14 black bears
  6 ogres
  16 wolves
  3 necrophages
  4 centaurs
  4 crocodiles
  18 bullfrogs
  A big kobold (D:7)
  A gnoll sergeant (D:9)
  A scorpion (D:5)
  3 killer bees (D:8)
  5 wights (D:12)
  2 electric eels
  A howler monkey (D:7)
  6 crimson imps
  2 centaur zombies (D:11)
  4 jellies
  2 quasits
  A bullfrog skeleton (D:5)
  11 orc priests
  5 hounds
  13 orc wizards
  4 iguanas
  2 hell rats (Lair:3)
  9 worker ants
  A hound zombie (D:5)
  2 hound skeletons
  Robin (D:4)
  A worker ant zombie (D:10)
  6 gnolls
  4 river rats (Lair:3)
  7 adders
  A white imp (D:10)
  2 oozes
  An adder zombie (D:5)
  3 adder skeletons
  3 worms
  4 dart slugs
  4 leopard geckos
  78 orcs
  7 bats
  7 giant cockroaches
  14 hobgoblins
  7 jackals (D:2)
  2 quokkas
  3 ball pythons
  4 frilled lizards
  A giant cockroach zombie (D:6)
  15 goblins
  13 kobolds
  A leopard gecko skeleton (D:4)
  A quokka skeleton (D:7)
  13 rats
  A spectral orc (D:5)
  A bush (Lair:5)
  10 plants
593 creatures vanquished.

Vanquished Creatures (collateral kills)
  An orc high priest (Orc:2)
  3 orc priests (Orc:2)
  3 orcs (Orc:2)
7 creatures vanquished.

Vanquished Creatures (others)
  2 slaves (D:7)
  A centaur (D:7)
  An orc (Orc:1)
  A quokka (D:7)
  6 fungi
  13 plants
  2 withered plants (D:4)
26 creatures vanquished.

Grand Total: 626 creatures vanquished

Notes
Turn   | Place    | Note
-------+----------+-------------------------------------------
     0 | D:1      | Curus the Minotaur Berserker began the quest for the Orb.
     0 | D:1      | Reached XP level 1. HP: 19/19 MP: 0/0
   249 | D:1      | Reached XP level 2. HP: 26/26 MP: 1/1
   782 | D:2      | Reached skill level 5 in Long Blades
   816 | D:2      | Reached XP level 3. HP: 27/31 MP: 2/2
  1455 | D:2      | Reached ** piety under Trog
  1473 | D:2      | Reached XP level 4. HP: 23/39 MP: 3/3
  2202 | D:3      | Reached XP level 5. HP: 41/45 MP: 4/4
  2325 | D:3      | Reached *** piety under Trog
  2647 | D:4      | Found a runed translucent door.
  2669 | D:4      | Found a staircase to the Ecumenical Temple.
  2835 | D:4      | Reached XP level 6. HP: 43/51 MP: 5/5
  2886 | D:4      | Noticed Gruesph's ghost (novice NaTm)
  2941 | D:4      | Noticed Robin
  2964 | D:4      | Killed Robin
  3267 | D:4      | Found a sacrificial altar of Ru.
  3703 | D:4      | Killed Gruesph's ghost
  3703 | D:4      | Reached skill level 10 in Long Blades
  3703 | D:4      | Reached XP level 7. HP: 39/57 MP: 6/6
  3732 | D:5      | Entered Level 5 of the Dungeon
  3742 | D:5      | Found a basalt altar of Yredelemnul.
  3857 | D:5      | Found a shadowy altar of Dithmenos.
  3858 | D:5      | Found a shattered altar of Ashenzari.
  3858 | D:5      | Found an iron altar of Okawaru.
  3858 | D:5      | Found a snail-covered altar of Cheibriados.
  3943 | D:5      | Found a radiant altar of Vehumet.
  4022 | D:5      | Found a blossoming altar of Fedhas.
  4198 | D:5      | Reached XP level 8. HP: 55/64 MP: 7/7
  4216 | D:5      | Reached **** piety under Trog
  4543 | D:6      | Found Hececufe's Jewellery Shoppe.
  4549 | D:6      | Bought an uncursed ring of see invisible for 210 gold
                  | pieces
  4778 | D:6      | Found a shimmering altar of Xom.
  5496 | D:7      | Reached XP level 9. HP: 50/70 MP: 8/8
  5558 | D:7      | Noticed Joseph
  5569 | D:7      | Killed Joseph
  5643 | D:7      | Noticed Pikel
  5660 | D:7      | Killed Pikel
  5660 | D:7      | Reached skill level 5 in Fighting
  6138 | D:7      | Reached skill level 5 in Armour
  6336 | D:8      | Reached skill level 6 in Fighting
  6355 | D:8      | Noticed Erica
  6379 | D:8      | Killed Erica
  6379 | D:8      | Reached skill level 7 in Fighting
  6379 | D:8      | Reached XP level 10. HP: 48/86 MP: 9/9
  6834 | D:8      | Noticed a two-headed ogre
  6844 | D:8      | Killed a two-headed ogre
  6844 | D:8      | Reached skill level 8 in Fighting
  7740 | D:9      | Noticed a two-headed ogre
  7747 | D:9      | Killed a two-headed ogre
  7747 | D:9      | Reached skill level 9 in Fighting
  7952 | D:9      | Found a hazy altar of Hepliaklqana.
  7954 | D:9      | Found a glowing silver altar of Zin.
  7956 | D:9      | Found a shimmering blue altar of Sif Muna.
  8299 | D:9      | Reached ***** piety under Trog
  8309 | D:9      | Reached skill level 10 in Fighting
  8447 | D:9      | Noticed Erolcha
  8458 | D:9      | Killed Erolcha
  8458 | D:9      | Reached skill level 10 in Armour
  8771 | D:10     | Entered Level 10 of the Dungeon
  8778 | D:10     | Noticed an oklob plant
  8979 | D:10     | Reached XP level 11. HP: 90/100 MP: 10/10
  9163 | D:10     | Found Woetirchu's Weapon Shop.
  9253 | D:10     | Noticed Snorg
  9263 | D:10     | Killed Snorg
  9320 | D:10     | Reached skill level 11 in Fighting
  9477 | D:10     | Found a staircase to the Lair.
  9591 | D:10     | Killed an oklob plant
  9717 | D:6      | Bought an uncursed ring of poison resistance for 280 gold
                  | pieces
  9910 | Lair:1   | Entered Level 1 of the Lair of Beasts
  9918 | Lair:1   | Reached skill level 1 in Shields
  9937 | Lair:1   | Reached skill level 1 in Evocations
 10244 | Lair:1   | Received a gift from Trog
 10340 | Lair:1   | You fall into a shaft and drop 1 floor!
 10371 | Lair:2   | Noticed an eight-headed hydra
 10378 | Lair:2   | Killed a four-headed hydra
 10397 | Lair:2   | Found a hole to the Spider Nest.
 10423 | Lair:2   | Reached skill level 5 in Shields
 10427 | Lair:2   | Gained mutation: You are resistant to electric shocks.
                  | (rElec) [potion of mutation]
 10427 | Lair:2   | Gained mutation: Scrolls take you a little longer to read.
                  | [potion of mutation]
 10427 | Lair:2   | Gained mutation: You tend to lose your temper in combat.
                  | [potion of mutation]
 10427 | Lair:2   | Gained mutation: You evolve. [potion of mutation]
 10657 | Lair:2   | Reached skill level 5 in Evocations
 11347 | Lair:3   | Found a staircase to the Swamp.
 11607 | Lair:3   | Gained mutation: You are partially covered in yellow
                  | scales. (AC +2) [evolution]
 11679 | Lair:3   | Reached XP level 12. HP: 110/110 MP: 14/14
 12010 | Lair:3   | Noticed an eight-headed hydra
 12018 | Lair:3   | Killed a two-headed hydra
 12107 | Lair:4   | Noticed a six-headed hydra
 12111 | Lair:4   | Noticed Nessos
 12266 | Lair:4   | Killed a four-headed hydra
 12269 | Lair:4   | Noticed a seven-headed hydra
 12641 | Lair:4   | Reached skill level 10 in Shields
 12905 | Lair:4   | Killed a five-headed hydra
 12905 | Lair:4   | Reached skill level 12 in Fighting
 13257 | Lair:4   | Noticed Nessos
 13257 | Lair:4   | Nessos changed into Nessos the glowing orange brain
 13259 | Lair:4   | Identified the Grimoire of the Scribe
 13265 | Lair:4   | Killed Nessos the glowing orange brain
 13498 | Lair:5   | Found a bloodstained altar of Trog.
 13959 | Lair:5   | Reached XP level 13. HP: 99/119 MP: 16/16
 14147 | Lair:5   | Reached skill level 13 in Fighting
 14570 | Lair:6   | Entered Level 6 of the Lair of Beasts
 14605 | Lair:6   | Noticed Sonja
 14616 | Lair:6   | Killed Sonja
 15018 | Lair:6   | Received a gift from Trog
 15097 | Lair:6   | Noticed a fire dragon
 15120 | Lair:6   | Killed a fire dragon
 15535 | Lair:6   | Reached skill level 14 in Fighting
 15860 | Lair:6   | Gained mutation: You are robust. (+10% HP) [evolution]
 16465 | Lair:6   | Reached skill level 15 in Fighting
 16842 | Lair:6   | Found a staircase to the Slime Pits.
 17772 | D:11     | Reached skill level 15 in Armour
 17983 | D:11     | Reached XP level 14. HP: 144/148 MP: 17/17
 18020 | D:11     | Found the ring of Robustness {AC+8}
 18040 | D:11     | Got a crude pewter ring
 18042 | D:11     | Identified the ring "Ipomawoh" {rElec rN+ Int+2} (You found
                  | it on level 11 of the Dungeon)
 18058 | D:11     | Noticed Harold
 18066 | D:11     | Killed Harold
 18112 | D:11     | Found Copezxecw's Gadget Shop.
 18171 | D:11     | Noticed Urug
 18178 | D:11     | Killed Urug
 18285 | D:11     | Found an ancient bone altar of Kikubaaqudgha.
 18339 | D:11     | Found a portal to a secret trove of treasure.
 18527 | D:12     | Identified a scroll of acquirement
 18527 | D:12     | Got a pair of ancient boots
 18533 | D:12     | Identified the +1 pair of boots of the Stallion {rC+} (You
                  | acquired it on level 12 of the Dungeon)
 18568 | D:12     | Reached ****** piety under Trog
 18568 | D:12     | Received a gift from Trog
 18631 | D:12     | Found a roughly hewn altar of Beogh.
 18631 | D:12     | Found a staircase to the Orcish Mines.
 18715 | D:12     | Reached skill level 16 in Fighting
 18753 | Orc:1    | Entered Level 1 of the Orcish Mines
 18787 | Orc:1    | Noticed Fannar
 18801 | Orc:1    | Killed Fannar
 18855 | Orc:1    | Gained mutation: You often lose your temper in combat. [a
                  | neqoxec]
 19042 | Orc:2    | Entered Level 2 of the Orcish Mines
 19126 | Orc:2    | Noticed Jorgrun
 19142 | Orc:2    | Killed Jorgrun
 19519 | Orc:2    | Found a staircase to the Elven Halls.
 19536 | Orc:2    | Reached skill level 15 in Long Blades
 19543 | Orc:2    | Received a gift from Trog
 19602 | Orc:2    | HP: 6/150 [orc high priest/divine providence (17)]
 19606 | Orc:2    | Killed from afar by an orc priest

Levels and vault maps discovered:
D:1:      minmay_arrival_wavy_path, layout_basic
D:2:      minmay_inner_zag, layout_basic
D:3:      layout_loops_ring, first_ration, minmay_close_crescents
D:4:      layout_loops_ring, nicolae_ru_awakened_eye,
          minmay_temple_entry_arrows, gammafunk_ghost_grave, uniq_robin
D:5:      layout_loops_ring, overflow_temple_1_default,
          yredelemnul_forgotten_temple_becter, kennysheep_mini,
          chequers_temple_overflow_statue_of_worship
D:6:      layout_gridville, xom_teletrap_fun, serial_shops, shop
D:7:      layout_loops_corners, uniq_pikel, uniq_joseph
D:8:      layout_loops_corners, hangedman_decor_slide_cut, uniq_erica
D:9:      layout_grid_maze, grunt_temple_overflow_open, uniq_erolcha
D:10:     layout_basic, dpeg_oklobed_lair, serial_shops,
          nicolae_shop_behind_doors, grunt_pizzeria, minmay_fire_ice_demons,
          uniq_snorg
D:11:     layout_roguey, serial_shops, nicolae_shop_statue_plus, basic_altar,
          enter_trove_3, minmay_pinched_square, uniq_urug, uniq_harold
D:12:     minmay_firetagon, layout_small_grid, david_orc_5,
          makhleb_altar_promises_db, uniq_gastronok
Lair:1:   layout_cave_pods, wad_woods_03, infiniplex_staircase_pool
Lair:2:   layout_regular_city, spider_nest_entry_web_field, grunt_megastairs_2
Lair:3:   layout_layer_cave, swamp_mist, kennysheep_abandoned_house
Lair:4:   layout_layer_cave, lemuel_fruit_fields, grunt_megastairs_4,
          infiniplex_staircase_pool_2, lemuel_fruit_tree, serial_bayou_shore_b,
          serial_bayou_shore_a, uniq_nessos
Lair:5:   layout_regular_city, basic_altar, st_stairs_12,
          minmay_lair_oklob_bushes, serial_bayou_lagoon_a, serial_bayou_shore_b
Lair:6:   guppyfry_lair_end_dragon, layout_regular_city,
          hangedman_lair_caniforms_friends, minmay_slime_entry_oklob_enclosed,
          grunt_megastairs_1, lemuel_fruit_fields, uniq_sonja
Orc:1:    layout_caves, basic_altar, uniq_fannar
Orc:2:    st_orc_town, layout_diamond_mine, serial_shops, shop, uniq_jorgrun

Skill      XL: |  1  2  3  4  5  6  7  8  9 10 11 12 13 14 |
---------------+-------------------------------------------+-----
Long Blades    | 4 5 6 7 8 10 11 13 14 15 | 15.2
Fighting       | 7 10 11 12 15 16 | 16.0
Armour         | 6 10 11 12 15 | 15.8
Shields        | 7 10 | 10.0
Evocations     | 5 6 7 |  7.2
Dodging        | |  2.1

Action                   |  1- 3 |  4- 6 |  7- 9 | 10-12 | 13-15 || total
-------------------------+-------+-------+-------+-------+-------++-------
Melee: Falchion          |    86 |   182 |   125 |       |       ||   393
       Headbutt          |    16 |    35 |    55 |   156 |   217 ||   479
       Long sword        |       |       |   155 |     5 |       ||   160
       Scimitar          |       |       |       |   616 |   556 ||  1172
       Double sword      |       |       |       |       |   310 ||   310
Invok: Berserk           |       |     1 |     1 |     7 |     4 ||    13
       Trog's Hand       |       |       |       |     2 |     1 ||     3
       Brothers in Arms  |       |       |       |       |     1 ||     1
Evoke: Wand              |       |       |     1 |    11 |     2 ||    14
  Use: Scroll            |     3 |     6 |     6 |     7 |     6 ||    28
       Potion            |     3 |     3 |     2 |     6 |     4 ||    18
 Stab: Paralysed         |       |       |       |       |     2 ||     2
       Distracted        |       |       |       |       |     1 ||     1
  Eat: Chunk             |     2 |     7 |     6 |    18 |    26 ||    59
       Ration            |       |       |     3 |     4 |     1 ||     8
Armor: Animal skin       |     5 |       |       |       |       ||     5
       Ring mail         |    21 |     4 |       |       |       ||    25
       Chain mail        |       |    59 |    78 |       |       ||   137
       Plate armour      |       |       |    35 |   267 |   462 ||   764
Dodge: Dodged            |    53 |    61 |    44 |    95 |   216 ||   469
       Deflected         |       |       |       |     1 |     9 ||    10
Block: Shield            |       |    33 |    84 |   229 |   506 ||   852
       Rpst.: Falchion   |    12 |     9 |     4 |       |       ||    25
       Long sword        |       |       |     5 |       |       ||     5
       Scimitar          |       |       |       |    24 |    22 ||    46
       Double sword      |       |       |       |       |    20 ||    20
